 Dungeon Crawl Stone Soup version 0.18-a0-816-g97f838e (webtiles) character file.

627 JokEr the Skirmisher (level 7, -5/53 HPs)
             Began as an Octopode Fighter on Dec 15, 2015.
             Slain by an iguana (12 damage)
             ... on level 6 of the Dungeon.
             The game lasted 00:09:49 (4881 turns).

JokEr the Skirmisher (Octopode Fighter)             Turns: 4881, Time: 00:09:50

Health: -5/53      AC:  1    Str: 17    XL:     7   Next: 47%
Magic:  7/7        EV:  8    Int: 13    God:
Gold:   264        SH: 13    Dex: 12    Spells: 0 memorised, 6 levels left

rFire  . . .     SeeInvis .     a - +1 war axe
rCold  . . .     Clarity  .     l - +0 large shield
rNeg   . . .     SustAt   .     (helmet restricted)
rPois  .         Gourm    .     w - amulet of faith
rElec  .         Spirit   .     e - +1 ring of slaying
rCorr  .         Dismiss  .     m - +3 ring of intelligence
rMut   .         Stasis   .     (no ring)
MR     .....                    (no ring)
Stlth  ++........               (no ring)
                                (no ring)
                                (no ring)
                                (no ring)

@: not resistant to hostile enchantments, unstealthy
A: almost no armour, amphibious, 8 rings, constrict 8, camouflage 1, gelatinous
body 1
a: no special abilities


You were on level 6 of the Dungeon.
You were not hungry.

You visited 1 branch of the dungeon, and saw 8 of its levels.

You collected 264 gold pieces.

Inventory:

Hand Weapons
 a - a +1 war axe (weapon)
Armour
 l - a +0 large shield (worn)
Jewellery
 e - a +1 ring of slaying (left tentacle)
 m - a +3 ring of intelligence (right tentacle)
 w - an amulet of faith (around mantle)
Wands
 f - a wand of enslavement (15)
 n - a wand of flame (23)
Scrolls
 b - 4 scrolls of remove curse
 g - a scroll of amnesia {unknown}
 o - 7 scrolls of identify
 u - a scroll of fog
 x - a scroll of teleportation {unknown}
Potions
 c - a potion of might
 d - a potion of curing {unknown}
 j - a potion of ambrosia {unknown}
 k - 2 potions of mutation {unknown}
 p - a potion of lignification {unknown}
 q - 2 potions of degeneration {unknown}
 r - a potion of cancellation {unknown}
 s - 2 potions of haste {unknown}
 t - a potion of flight {unknown}
Books
 y - a book of the Warp

   Spells                             Type                      Level
   a - Recall                         Summoning/Translocation      3
   b - Gell's Gravitas                Hexes/Translocation          3
   c - Force Lance                    Conjuration/Translocation    4
   d - Phase Shift                    Translocation                5
   e - Warp Weapon                    Charms/Translocation         5
   f - Summon Forest                  Summoning/Translocation      5
Comestibles
 h - a bread ration
 v - 2 meat rations


   Skills:
 + Level 6.3 Fighting
 + Level 5.8 Axes
 - Level 3.0 Dodging
 - Level 3.0 Shields


You had 6 spell levels left.
You didn't know any spells.

Dungeon Overview and Level Annotations

Branches:
Dungeon (8/15)
 Temple: D:4-7         Lair: D:8-11

Altars:
Makhleb
Sif Muna
Vehumet
Xom
Yredelemnul


Innate Abilities, Weirdness & Mutations

You cannot wear most types of armour.
You are amphibious.
You can wear up to eight rings at the same time.
You can use your tentacles to constrict eight enemies at once.
Your skin changes colour to match your surroundings (Stealth).
Your rubbery body absorbs attacks (AC +1).


Message History

Edmund is severely wounded.
Your shield prevents you from hitting the iguana.
The iguana is heavily wounded.
You constrict Edmund. The iguana bites you!
Edmund hits you with a flail of protection!
* * * LOW HITPOINT WARNING * * *
Drink which item? (? for menu, Esc to quit)
You feel much better.
You constrict Edmund. The iguana closely misses you.
Edmund says, "I'm quite good with sums, too."
Edmund hits you with a flail of protection!
You slash Edmund!
You kill Edmund!
You hit the iguana but do no damage.
The iguana is heavily wounded.
You block the iguana's attack. The iguana bites you!
* * * LOW HITPOINT WARNING * * *
You hit the iguana. Your grab misses the iguana.
The iguana is severely wounded.
The iguana bites you!
You die...

..............# #.##<#
.################.##.#
.......^..........##.#
..##################.#
..................().#
...###################
....(.#.........#
....#.#.#######.#####
......#.# #....@...#
#...###.##.....(l)..#
....).(..#.#.....$..#
##..###.##.#.....)$.#
................#####
##..............#
##......#.###..#
######.### ###
#######.##


You could see an iguana.

Vanquished Creatures
  Edmund (D:6)
  A centaur (D:6)
  A scorpion (D:4)
  An orc wizard (D:6)
  2 jellies (D:3)
  2 hounds
  An orc priest (D:6)
  Natasha (twice) (D:3)
  Ijyb (D:2)
  2 worker ants
  2 adders
  2 oozes
  2 worms (D:3)
  3 giant geckos
  3 orcs
  8 bats
  4 giant cockroaches
  8 goblins
  6 hobgoblins
  8 kobolds
  2 ball pythons
  A ball python skeleton (D:4)
  2 giant newts
  14 jackals (D:1)
  8 rats
  A sheep (D:3)
88 creatures vanquished.

Notes
Turn   | Place    | Note
--------------------------------------------------------------
     0 | D:1      | JokEr the Octopode Fighter began the quest for the Orb.
     0 | D:1      | Reached XP level 1. HP: 16/16 MP: 1/1
   178 | D:1      | Reached XP level 2. HP: 21/21 MP: 2/2
   400 | D:1      | Reached XP level 3. HP: 8/26 MP: 3/3
  1387 | D:2      | Found a burning altar of Makhleb.
  1395 | D:2      | Reached skill level 4 in Fighting
  1395 | D:2      | Reached XP level 4. HP: 28/33 MP: 4/4
  1463 | D:2      | Noticed Ijyb
  1472 | D:2      | Killed Ijyb
  1882 | D:2      | Reached XP level 5. HP: 32/38 MP: 5/5
  2171 | D:3      | Found a shimmering altar of Xom.
  2396 | D:3      | Found a radiant altar of Vehumet.
  2472 | D:3      | Reached skill level 5 in Fighting
  2551 | D:3      | Noticed Natasha
  2554 | D:3      | Killed Natasha
  2554 | D:3      | Reached XP level 6. HP: 38/45 MP: 6/6
  2856 | D:3      | Noticed Natasha
  2861 | D:3      | Killed Natasha
  3167 | D:3      | You fall through a shaft!
  3222 | D:3      | Found a basalt altar of Yredelemnul.
  3414 | D:4      | Found a deep blue altar of Sif Muna.
  4040 | D:5      | Entered Level 5 of the Dungeon
  4132 | D:5      | Reached skill level 5 in Axes
  4195 | D:5      | You fall through a shaft for 3 floors!
  4444 | D:7      | Noticed a hippogriff
  4449 | D:7      | Noticed a hungry ghost
  4518 | D:6      | Reached XP level 7. HP: 29/51 MP: 7/7
  4757 | D:6      | Reached skill level 6 in Fighting
  4869 | D:6      | Noticed Edmund
  4880 | D:6      | Killed Edmund
  4881 | D:6      | Slain by an iguana

Vault maps used:
D:1:      minmay_arrival_three_doors
D:2:      first_bread, makhleb_heckhound_becter, uniq_iyjb
D:3:      nicolae_overflow_hidden_temple, vehumet_altar_wand_db,
          gup_sewer_entry_bubbles, dk_xom_monty_hall, uniq_natasha
D:4:      lemuel_crystal_altar
D:5:      kennysheep_little_box, nrook_loot_triangle, uniq_blork_the_orc
D:6:      grunt_temple_overflow_open, kennysheep_decorative_pillar, uniq_edmund,
          uniq_eustachio, uniq_crazy_yiuf_cottage
D:7:      lemuel_doored_altar, minmay_temple_entry_statues_pillars

Action                   |  1- 3 |  4- 6 |  7- 9 || total
-------------------------+-------+-------+-------++-------
Melee: War axe           |    66 |   108 |    18 ||   192
  Use: Scroll            |     4 |     6 |       ||    10
       Potion            |       |     2 |     1 ||     3
 Stab: Sleeping          |     6 |     4 |     1 ||    11
       Distracted        |     1 |     1 |       ||     2
  Eat: Bread ration      |     1 |       |       ||     1
       Chunk             |       |     3 |       ||     3
       Beef jerky        |       |     2 |       ||     2
       Royal jelly       |       |     1 |       ||     1
